1842 views
Uploaded 2022-12-14 22:39:13
Game version 1.32.10
7:53 long 4on4 ladder game on (8)Northshire_LV
Saved by DKnight
1842 views
Uploaded 2022-12-14 22:39:13
Game version 1.32.10
7:53 long 4on4 ladder game on (8)Northshire_LV


47 units @ 4.2k
/ 0.4k
29 buildings @ 4.9k
/ 1.9k


| Rod of Necromancy | 2 | 300 |
| Potion of Healing | 2 | 300 |
| total: | 4 | 600g |
| Acolyte | 6 | 450 | / | 0 |
| Ghoul | 2 | 240 | / | 0 |
| Crypt Fiend | 4 | 860 | / | 160 |
| total: | 12 | 1550g | / | 160w |
| Spirit Tower | 1 | 145 | / | 40 |
| Crypt | 1 | 200 | / | 50 |
| Ziggurat | 4 | 600 | / | 200 |
| Graveyard | 1 | 215 | / | 0 |
| Altar of Darkness | 1 | 180 | / | 50 |
| Tomb of Relics | 1 | 130 | / | 30 |
| Necropolis | 1 | 225 | / | 0 |
| Slaughterhouse | 1 | 140 | / | 135 |
| Halls of the Dead | 1 | 320 | / | 210 |
| total: | 10 | 1690g | / | 465w |
| 0:04 | Acolyte |
| 0:04 | Acolyte |
| 0:09 | Crypt |
| 0:25 | Ziggurat |
| 0:41 | Graveyard |
| 0:58 | Altar of Darkness |
| 1:11 | Ghoul |
| 1:26 | Ghoul |
| 1:30 | Acolyte |
| 1:46 | Tomb of Relics |
| 2:05 | Crypt Fiend |
| 2:36 | Ziggurat |
| 2:57 | Rod of Necromancy |
| 3:01 | Death Coil |
| 3:09 | Halls of the Dead |
| 3:32 | Crypt Fiend |
| 3:53 | Crypt Fiend |
| 4:19 | Ziggurat |
| 4:22 | Unholy Aura |
| 4:29 | Rod of Necromancy |
| 4:38 | Crypt Fiend |
| 5:35 | Burrow |
| 5:38 | Necropolis |
| 5:58 | Death Coil |
| 6:02 | Slaughterhouse |
| 6:04 | Acolyte |
| 6:19 | Spirit Tower |
| 6:35 | Potion of Healing |
| 6:48 | Ziggurat |
| 6:55 | Potion of Healing |
| 6:58 | Frost Nova |
| 7:34 | Acolyte |
| 7:34 | Acolyte |
| Select group | 314 |
| Right click | 301 |
| Select | 148 |
| Misc. action | 40 |
| Build/train/purchase | 34 |
| Assign group | 21 |
| Use ability | 6 |
| Item give/drop | 3 |
| Chat | 3 |
| Esc | 1 |

| Wisp | 23 | 1380 | / | 0 |
| Mountain Giant | 2 | 700 | / | 200 |
| total: | 25 | 2080g | / | 200w |
| Ancient Protector | 2 | 270 | / | 160 |
| Tree of Life | 1 | 340 | / | 185 |
| Altar of Elders | 1 | 180 | / | 50 |
| Moon Well | 2 | 360 | / | 80 |
| Hunter's Hall | 1 | 210 | / | 100 |
| Ancient of Wonders | 1 | 90 | / | 30 |
| Ancient of Lore | 2 | 310 | / | 290 |
| Tree of Ages | 2 | 640 | / | 360 |
| total: | 10 | 1760g | / | 895w |
| 0:05 | Wisp |
| 0:05 | Wisp |
| 0:06 | Wisp |
| 0:12 | Wisp |
| 0:41 | Tree of Life |
| 0:58 | Wisp |
| 1:07 | Altar of Elders |
| 1:17 | Wisp |
| 1:38 | Moon Well |
| 2:36 | Tree of Ages |
| 2:45 | Wisp |
| 2:45 | Wisp |
| 2:59 | Summon Quilbeast |
| 3:10 | Hunter's Hall |
| 3:30 | Moon Well |
| 5:06 | Ancient of Wonders |
| 5:15 | Wisp |
| 5:15 | Wisp |
| 5:16 | Wisp |
| 5:16 | Wisp |
| 5:16 | Wisp |
| 5:21 | Ancient of Lore |
| 5:32 | Ancient of Lore |
| 5:33 | Wisp |
| 5:33 | Wisp |
| 5:37 | Wisp |
| 5:38 | Wisp |
| 5:39 | Wisp |
| 5:46 | Summon Hawk |
| 6:23 | Wisp |
| 6:28 | Ancient Protector |
| 6:49 | Mountain Giant |
| 6:49 | Mountain Giant |
| 7:20 | Ancient Protector |
| 7:27 | Wisp |
| 7:27 | Wisp |
| 7:27 | Wisp |
| 7:28 | Wisp |
| Right click | 423 |
| Select | 203 |
| Build/train/purchase | 56 |
| Misc. action | 42 |
| Select group | 22 |
| Use ability | 18 |
| Assign group | 10 |
| Item give/drop | 1 |
| Select | 1 |

| Lesser Clarity Potion | 1 | 70 |
| Potion of Healing | 1 | 150 |
| total: | 2 | 220g |
| Wisp | 10 | 600 | / | 0 |
| total: | 10 | 600g | / | 0w |
| Ancient Protector | 3 | 405 | / | 240 |
| Altar of Elders | 1 | 180 | / | 50 |
| Moon Well | 3 | 540 | / | 120 |
| Hunter's Hall | 1 | 210 | / | 100 |
| Ancient of Wonders | 1 | 90 | / | 30 |
| Tree of Ages | 1 | 320 | / | 180 |
| Tree of Eternity | 1 | 330 | / | 200 |
| total: | 9 | 1425g | / | 540w |
| 0:03 | Wisp |
| 0:04 | Wisp |
| 0:09 | Altar of Elders |
| 0:15 | Wisp |
| 0:19 | Moon Well |
| 0:24 | Wisp |
| 0:32 | Wisp |
| 0:47 | Wisp |
| 0:54 | Wisp |
| 0:54 | Wisp |
| 1:10 | Wisp |
| 1:10 | Wisp |
| 1:29 | Hunter's Hall |
| 2:12 | Force of Nature |
| 2:24 | Tree of Ages |
| 2:37 | Ancient Protector |
| 2:48 | Ancient Protector |
| 2:58 | Moon Well |
| 4:02 | Moon Well |
| 4:31 | Entangling Roots |
| 4:49 | Tree of Eternity |
| 5:02 | Strength of the Wild |
| 5:51 | Ancient of Wonders |
| 5:58 | Ancient Protector |
| 6:08 | Reinforced Hides |
| 6:54 | Lesser Clarity Potion |
| 7:08 | Potion of Healing |
| Right click | 341 |
| Select group | 124 |
| Select | 110 |
| Misc. action | 48 |
| Build/train/purchase | 22 |
| Use ability | 9 |
| Assign group | 5 |
| Minimap ping | 1 |
88 units @ 10k
/ 0.6k
46 buildings @ 7.9k
/ 3k


| Staff of Teleportation | 1 | 150 |
| total: | 1 | 150g |
| Wisp | 13 | 780 | / | 0 |
| Archer | 8 | 1040 | / | 80 |
| Hippogryph | 2 | 320 | / | 40 |
| total: | 23 | 2140g | / | 120w |
| Altar of Elders | 1 | 180 | / | 50 |
| Moon Well | 3 | 540 | / | 120 |
| Ancient of War | 1 | 150 | / | 60 |
| Tree of Life | 1 | 340 | / | 185 |
| Hunter's Hall | 1 | 210 | / | 100 |
| Ancient of Wind | 1 | 150 | / | 140 |
| Tree of Ages | 1 | 320 | / | 180 |
| total: | 8 | 1570g | / | 655w |
| 0:06 | Wisp |
| 0:06 | Wisp |
| 0:12 | Altar of Elders |
| 0:22 | Moon Well |
| 0:22 | Wisp |
| 0:35 | Wisp |
| 0:44 | Ancient of War |
| 0:47 | Wisp |
| 0:57 | Wisp |
| 1:10 | Wisp |
| 1:25 | Moon Well |
| 1:30 | Wisp |
| 1:42 | Wisp |
| 1:47 | Archer |
| 1:59 | Wisp |
| 2:12 | Force of Nature |
| 2:31 | Tree of Ages |
| 2:51 | Archer |
| 3:00 | Archer |
| 3:38 | Archer |
| 3:41 | Entangling Roots |
| 3:45 | Archer |
| 3:58 | Tree of Life |
| 4:07 | Moon Well |
| 4:46 | Archer |
| 4:56 | Improved Bows |
| 5:04 | Entangling Roots |
| 5:18 | Hunter's Hall |
| 5:35 | Frost Arrows |
| 5:37 | Archer |
| 5:58 | Staff of Teleportation |
| 6:02 | Archer |
| 6:04 | Wisp |
| 6:17 | Ancient of Wind |
| 6:33 | Nature's Blessing |
| 7:29 | Wisp |
| 7:29 | Wisp |
| 7:42 | Forked Lightning |
| 7:47 | Hippogryph |
| 7:47 | Hippogryph |
| Select group | 273 |
| Right click | 229 |
| Select | 210 |
| Misc. action | 76 |
| Build/train/purchase | 38 |
| Assign group | 29 |
| Use ability | 14 |
| Minimap ping | 2 |
| Esc | 1 |

| Scroll of Regeneration | 1 | 100 |
| Lesser Clarity Potion | 1 | 70 |
| Periapt of Vitality | 1 | 325 |
| total: | 3 | 495g |
| Peasant | 13 | 975 | / | 0 |
| Footman | 7 | 945 | / | 0 |
| Goblin Shredder | 3 | 1125 | / | 300 |
| total: | 23 | 3045g | / | 300w |
| Scout Tower | 2 | 60 | / | 40 |
| Arcane Tower | 1 | 70 | / | 50 |
| Altar of Kings | 1 | 180 | / | 50 |
| Barracks | 2 | 320 | / | 120 |
| Farm | 4 | 320 | / | 80 |
| Arcane Vault | 1 | 130 | / | 30 |
| Town Hall | 1 | 385 | / | 205 |
| Lumber Mill | 1 | 120 | / | 0 |
| Blacksmith | 1 | 140 | / | 60 |
| Keep | 1 | 320 | / | 210 |
| total: | 13 | 1655g | / | 585w |
| 0:02 | Peasant |
| 0:02 | Peasant |
| 0:03 | Peasant |
| 0:03 | Peasant |
| 0:06 | Altar of Kings |
| 0:21 | Barracks |
| 0:33 | Farm |
| 0:42 | Peasant |
| 0:49 | Farm |
| 0:55 | Peasant |
| 1:01 | Peasant |
| 1:24 | Footman |
| 1:30 | Scout Tower |
| 1:33 | Peasant |
| 1:40 | Farm |
| 1:47 | Peasant |
| 1:57 | Arcane Tower |
| 2:01 | Footman |
| 2:10 | Peasant |
| 2:26 | Footman |
| 2:31 | Peasant |
| 2:52 | Farm |
| 3:01 | Arcane Vault |
| 3:10 | Thunder Clap |
| 3:17 | Footman |
| 3:18 | Peasant |
| 3:45 | Town Hall |
| 4:06 | Footman |
| 4:11 | Storm Bolt |
| 4:25 | Thunder Clap |
| 4:27 | Footman |
| 4:31 | Scroll of Regeneration |
| 4:42 | Peasant |
| 4:59 | Lesser Clarity Potion |
| 5:03 | Footman |
| 5:08 | Goblin Shredder |
| 5:11 | Lumber Mill |
| 5:26 | Defend |
| 5:43 | Periapt of Vitality |
| 6:17 | Goblin Shredder |
| 6:32 | Scout Tower |
| 6:39 | Keep |
| 6:40 | Blacksmith |
| 6:42 | Barracks |
| 7:16 | Goblin Shredder |
| 7:41 | Storm Bolt |
| Select group | 582 |
| Right click | 558 |
| Select | 171 |
| Misc. action | 63 |
| Build/train/purchase | 49 |
| Assign group | 21 |
| Use ability | 7 |
| Remove unit | 3 |
| Minimap ping | 3 |
| Item give/drop | 2 |

| Healing Salve | 3 | 300 |
| Lesser Clarity Potion | 2 | 140 |
| Scroll of Speed | 1 | 50 |
| Potion of Mana | 1 | 200 |
| total: | 7 | 690g |
| Peon | 6 | 450 | / | 0 |
| Grunt | 9 | 1800 | / | 0 |
| total: | 15 | 2250g | / | 0w |
| Altar of Storms | 2 | 360 | / | 100 |
| Orc Burrow | 4 | 640 | / | 160 |
| Barracks | 1 | 180 | / | 50 |
| Voodoo Lounge | 3 | 390 | / | 90 |
| Great Hall | 2 | 770 | / | 370 |
| War Mill | 1 | 205 | / | 0 |
| Stronghold | 1 | 315 | / | 190 |
| Fortress | 2 | 650 | / | 380 |
| total: | 13 | 2545g | / | 770w |
| 0:02 | Peon |
| 0:02 | Peon |
| 0:05 | Altar of Storms |
| 0:07 | Altar of Storms |
| 0:18 | Orc Burrow |
| 0:21 | Peon |
| 0:34 | Barracks |
| 0:44 | Peon |
| 0:53 | Peon |
| 1:06 | Peon |
| 1:27 | Orc Burrow |
| 1:35 | Grunt |
| 1:59 | Voodoo Lounge |
| 2:01 | Voodoo Lounge |
| 2:01 | Voodoo Lounge |
| 2:08 | Shockwave |
| 2:21 | Grunt |
| 2:39 | Stronghold |
| 2:57 | Grunt |
| 3:19 | Endurance Aura |
| 3:22 | Grunt |
| 3:32 | Orc Burrow |
| 3:59 | Grunt |
| 4:08 | Healing Salve |
| 4:10 | Healing Salve |
| 4:30 | Grunt |
| 4:57 | Shockwave |
| 5:02 | Pillage |
| 5:02 | Berserker Strength |
| 5:17 | Lesser Clarity Potion |
| 5:20 | Healing Salve |
| 5:20 | Scroll of Speed |
| 5:23 | Lesser Clarity Potion |
| 5:27 | Potion of Mana |
| 5:37 | Orc Burrow |
| 5:49 | Fortress |
| 6:19 | Grunt |
| 6:27 | Great Hall |
| 6:29 | Great Hall |
| 7:17 | Grunt |
| 7:21 | War Mill |
| 7:42 | Grunt |
| Select group | 506 |
| Right click | 340 |
| Select | 117 |
| Misc. action | 98 |
| Assign group | 49 |
| Build/train/purchase | 41 |
| Use ability | 29 |
| Item give/drop | 5 |
| Esc | 1 |
| Minimap ping | 1 |

| Wisp | 18 | 1080 | / | 0 |
| Archer | 5 | 650 | / | 50 |
| Mountain Giant | 1 | 350 | / | 100 |
| Hippogryph | 3 | 480 | / | 60 |
| total: | 27 | 2560g | / | 210w |
| Altar of Elders | 1 | 180 | / | 50 |
| Moon Well | 3 | 540 | / | 120 |
| Ancient of War | 2 | 300 | / | 120 |
| Tree of Life | 1 | 340 | / | 185 |
| Hunter's Hall | 2 | 420 | / | 200 |
| Ancient of Wonders | 1 | 90 | / | 30 |
| Ancient of Lore | 1 | 155 | / | 145 |
| Ancient of Wind | 1 | 150 | / | 140 |
| Tree of Ages | 1 | 320 | / | 180 |
| Tree of Eternity | 1 | 330 | / | 200 |
| total: | 12 | 2175g | / | 990w |
| 0:02 | Wisp |
| 0:04 | Altar of Elders |
| 0:05 | Wisp |
| 0:12 | Moon Well |
| 0:12 | Wisp |
| 0:41 | Ancient of War |
| 0:46 | Wisp |
| 0:58 | Wisp |
| 1:03 | Wisp |
| 1:13 | Wisp |
| 1:25 | Moon Well |
| 1:33 | Wisp |
| 1:45 | Archer |
| 1:56 | Wisp |
| 2:05 | Immolation |
| 2:22 | Tree of Ages |
| 3:20 | Tree of Life |
| 3:27 | Hunter's Hall |
| 3:33 | Hunter's Hall |
| 3:59 | Archer |
| 4:07 | Mana Burn |
| 4:18 | Archer |
| 4:23 | Ancient of Wonders |
| 4:26 | Ancient of War |
| 4:29 | Moon Well |
| 4:46 | Archer |
| 4:53 | Wisp |
| 4:54 | Wisp |
| 4:54 | Wisp |
| 5:29 | Ancient of Lore |
| 5:47 | Wisp |
| 5:48 | Wisp |
| 5:51 | Wisp |
| 5:51 | Wisp |
| 6:02 | Ancient of Wind |
| 6:12 | Wisp |
| 7:18 | Mana Burn |
| 7:27 | Archer |
| 7:30 | Mountain Giant |
| 7:31 | Tree of Eternity |
| 7:36 | Hippogryph |
| 7:36 | Hippogryph |
| 7:36 | Hippogryph |
| 7:40 | Wisp |
| Right click | 235 |
| Select group | 124 |
| Select | 108 |
| Build/train/purchase | 41 |
| Misc. action | 14 |
| Assign group | 10 |
| Use ability | 6 |
| Minimap ping | 1 |